AoeStats
← giussepearteaga

Lombardia

507404750Analyzed
4v4 RM · 13d ago on Sep 18, 2026· 57m 14s· 8 players
Game mode
Random Map
Map size
Large (8 player)
Population
200
Speed
Normal
Resources
Standard
Victory
Conquest
Starting age
Dark Age
Ending age
Imperial Age
RankedLock teamsTeams togetherTeam positionsShared explorationLock speedFull tech treeHidden civsTurbo modeCheats
Victory
Defeat
🇨🇴 Romans · Colombia
743
+15
🇨🇴 Byzantines · Colombia
727
+15
🇨🇴 Mapuche · Colombia
709
+16
🇨🇴 Franks · Colombia
680
+17
🇨🇱 Japanese · Chile
835
-53
🇨🇱 Britons · Chile
730
-17
🇨🇦 Ethiopians · Canada
682
-15
🇨🇱 Italians · Chile
592
-11
Le_HollowSette
5:48 Loom
10:13 Feudal Age
10:53 Double-Bit Axe
11:05 Gold Mining
18:00 Stone Mining
19:13 Horse Collar
22:07 Castle Age
23:28 Fletching
24:51 Bow Saw
24:44 Heavy Plow
25:25 Stone Shaft Mining
26:04 Wheelbarrow
28:26 Hand Cart
35:59 Imperial Age
36:22 Elite Genoese Crossbowman
37:15 Bodkin Arrow
37:21 Padded Archer Armor
37:31 Thumb Ring
38:29 Bracer
39:24 Pirotechnia
46:13 Chemistry
45:44 Ballistics
45:46 Scale Mail Armor
45:57 Forging
46:03 Leather Archer Armor
45:59 Arson
46:15 Squires
49:06 Two-Man Saw
Rigby
12:14 Feudal Age
13:02 Double-Bit Axe
16:48 Horse Collar
20:18 Forging
22:53 Castle Age
24:00 Bow Saw
26:42 Wheelbarrow
28:06 Gold Mining
28:07 Stone Mining
31:40 Imperial Age
31:52 Hand Cart
39:00 Forging
40:25 Two-Man Saw
44:44 Iron Casting
44:13 Scale Mail Armor
45:58 Elite Samurai
47:05 Caravan
49:42 Coinage
49:58 Yasama
50:31 Conscription
51:14 Man-at-Arms
51:16 Pikeman
51:57 Squires
54:52 Heavy Scorpion
Carrizuwu
11:02 Feudal Age
13:28 Horse Collar
13:37 Double-Bit Axe
16:35 Fletching
16:45 Padded Archer Armor
17:28 Loom
20:23 Wheelbarrow
27:47 Castle Age
27:14 Gold Mining
27:17 Stone Mining
30:41 Crossbowman
31:35 Bodkin Arrow
31:54 Forging
32:56 Light Cavalry
33:58 Scale Barding Armor
36:54 Bow Saw
36:57 Caravan
37:23 Hand Cart
36:53 Town Watch
39:56 Husbandry
43:01 Iron Casting
42:42 Leather Archer Armor
43:35 Pikeman
44:17 Squires
44:04 Gambesons
45:44 Ballistics
45:27 Town Patrol
47:27 Masonry
52:37 Chain Barding Armor
55:17 Imperial Age
52:20 Elite Skirmisher
55:21 Elite Longbowman
madagascart
3:14 Loom
11:04 Feudal Age
17:23 Castle Age
16:25 Double-Bit Axe
17:16 Horse Collar
33:22 Imperial Age
34:03 Wheelbarrow
33:14 Town Watch
33:08 Crossbowman
34:18 Thumb Ring
35:15 Padded Archer Armor
35:06 Fletching
35:26 Forging
40:58 Chemistry
40:19 Ballistics
39:35 Arbalester
52:10 Leather Archer Armor
51:51 Bodkin Arrow
52:03 Heated Shot
56:16 Elite Skirmisher
giussepearteaga
6:57 Loom
12:21 Feudal Age
16:32 Horse Collar
16:39 Double-Bit Axe
22:01 Castle Age
26:31 Heavy Plow
29:26 Bow Saw
33:15 Padded Archer Armor
33:07 Fletching
37:03 Imperial Age
37:12 Imperial Age
39:32 Crop Rotation
39:16 Bodkin Arrow
39:53 Caravan
39:59 Treadmill Crane
40:41 Ballistics
43:29 Conscription
43:19 Butalmapu
44:48 Leather Archer Armor
44:53 Forging
44:17 Elite Bolas Rider
46:59 Ring Archer Armor
47:43 Chemistry
rincon9r7
5:44 Loom
13:01 Feudal Age
15:36 Double-Bit Axe
20:52 Castle Age
20:47 Horse Collar
26:13 Bow Saw
28:50 Caravan
29:22 Gold Mining
35:38 Imperial Age
35:52 Ballistics
35:46 Scale Barding Armor
35:51 Forging
37:34 Wheelbarrow
38:03 Two-Man Saw
38:06 Chemistry
37:10 Heavy Plow
40:10 Padded Archer Armor
40:00 Fletching
40:31 Chain Barding Armor
40:47 Iron Casting
41:16 Elite Skirmisher
53:30 Block Printing
jdatuestaf
14:33 Feudal Age
14:20 Loom
15:19 Double-Bit Axe
15:31 Gold Mining
17:51 Wheelbarrow
20:12 Stone Mining
22:26 Castle Age
23:26 Scale Barding Armor
23:32 Forging
25:29 Husbandry
27:26 Gold Shaft Mining
28:49 Bow Saw
29:52 Hand Cart
30:56 Caravan
35:15 Town Watch
38:36 Town Patrol
39:22 Masonry
39:37 Ballistics
39:21 Murder Holes
41:39 Chain Barding Armor
41:56 Iron Casting
44:37 Imperial Age
45:06 Coinage
44:43 Cavalier
46:01 Plate Barding Armor
46:27 Blast Furnace
46:50 Paladin
camilo.quija
10:35 Feudal Age
11:02 Double-Bit Axe
10:59 Horse Collar
18:54 Castle Age
18:41 Gold Mining
18:53 Stone Mining
19:51 Heavy Plow
20:02 Bow Saw
20:32 Gold Shaft Mining
21:29 Caravan
28:38 Ballistas
28:47 Masonry
28:48 Fortified Wall
28:34 Murder Holes
31:43 Scale Barding Armor
31:55 Forging
31:47 Scale Mail Armor
34:23 Imperial Age
33:59 Ballistics
34:06 Chain Barding Armor
34:22 Iron Casting
34:41 Loom
35:33 Wheelbarrow
35:17 Bloodlines
35:08 Husbandry
35:57 Plate Barding Armor
35:45 Conscription
34:49 Heavy Scorpion
37:16 Chemistry
36:47 Architecture
36:38 Siege Engineers
36:48 Fletching
37:16 Chain Mail Armor
37:07 Padded Archer Armor
38:20 Elite Centurion
38:48 Capped Ram
40:15 Siege Ram
42:44 Comitatenses
44:55 Hand Cart
44:26 Town Watch
45:43 Fletching
45:53 Padded Archer Armor
46:54 Blast Furnace
48:56 Bodkin Arrow
49:17 Leather Archer Armor
Connection lost

Rejoining the realm…

Still unreachable

The connection could not be restored.

Session expired

The server has moved on; the page needs a fresh start.